 Dungeon Crawl Stone Soup version 0.29-a0-824-gd827844252 (webtiles) character file.

Game seed: 13109637467309045702

226722 wingedge the Warrior (level 19, -1/128 HPs)
             Began as a Gargoyle Berserker on July 9, 2022.
             Was an Elder of Trog.
             Killed from afar by a salamander mystic (32 damage)
             ... with a bolt of magma
             ... on level 4 of the Snake Pit.
             The game lasted 02:32:36 (38865 turns).

wingedge the Warrior (Gargoyle Berserker)          Turns: 38865, Time: 02:32:38

Health: -1/128     AC: 51    Str: 34    XL:     19   Next: 36%
Magic:  19/19      EV:  9    Int: 15    God:    Trog [****..]
Gold:   501        SH: 13    Dex:  9    Spells: 18/18 levels left

rFire   . . .      SeeInvis +   a - +3 demon trident (freeze)
rCold   . . .      Faith    .   x - +3 kite shield {reflect}
rNeg    + . .      Spirit   .   M - +14 plate armour of the Stained Locust {Int+4}
rPois   ∞          Reflect  +   K - +3 crown of Dyrovepreva {rElec Int+2 SInv}
rElec   +          Harm     +   L - scarf {harm}
rCorr   .          Rampage  .   q - +0 pair of gloves
Will    ++...                   V - +0 pair of boots
Stlth   ..........              Q - amulet of the acrobat
HPRegen 0.31/turn               B - +6 ring of strength
MPRegen 0.16/turn               Z - ring of willpower

@: weakened, on berserk cooldown, flying, slowed, very slow
A: sickness immunity, AC +14, big wings, negative energy resistance 1,
electricity resistance, torment resistance 1, petrification resistance
}: 1/15 runes: barnacled
a: Renounce Religion, Berserk, Trog's Hand, Brothers in Arms


You were on level 4 of the Snake Pit.
You worshipped Trog.
Trog was greatly pleased with you.
You visited 5 branches of the dungeon, and saw 31 of its levels.
You visited the Abyss 1 time.
You visited 1 bazaar.
You also visited: Ossuary and Ice Cave.

You collected 3976 gold pieces.
You spent 3475 gold pieces at shops.

Inventory:

Hand Weapons
 a - a +3 demon trident of freezing (weapon)
 A - a +5 demon trident of protection
Missiles
 c - 3 boomerangs of dispersal
 e - a silver javelin
 l - 17 boomerangs (quivered)
 s - 5 silver boomerangs
 D - 4 throwing nets
 X - 15 javelins
Armour
 q - a +0 pair of gloves (worn)
 x - a +3 kite shield of reflection (worn)
 K - the +3 crown of Dyrovepreva (worn) {rElec Int+2 SInv}
   (You bought it in a shop on level 7 of the Dungeon)

   Int:       It affects your intelligence (+2).
   rElec:     It insulates you from electricity.
   SInv:      It lets you see invisible.
 L - a scarf of harm (worn)
 M - the +14 plate armour of the Stained Locust (worn) {Int+4}
   (You found it on level 14 of the Dungeon)

   Int:       It affects your intelligence (+4).
 V - a +0 pair of boots (worn)
Jewellery
 g - a ring of protection from fire
 t - a ring of positive energy
 B - a +6 ring of strength (left hand)
 Q - an amulet of the acrobat (around neck)
 Z - a ring of willpower (right hand)
Wands
 k - a wand of mindburst (8)
 n - a wand of flame (13)
 J - a wand of quicksilver (19)
 N - a wand of iceblast (20)
 R - a wand of charming (40)
 U - a wand of digging (9)
Scrolls
 d - 5 scrolls of magic mapping
 f - a scroll of blinking
 i - 14 scrolls of teleportation
 p - 4 scrolls of fear
 r - 3 scrolls of torment
 v - 3 scrolls of fog
 w - 5 scrolls of poison
 y - 2 scrolls of immolation
 H - a scroll of silence
 I - 2 scrolls of vulnerability
Potions
 h - 5 potions of mutation
 j - 5 potions of cancellation
 m - 2 potions of heal wounds
 o - 8 potions of lignification
 u - a potion of invisibility
 z - 2 potions of haste
 C - 5 potions of might
 E - 5 potions of resistance
 G - 4 potions of berserk rage
 P - 5 potions of ambrosia
 S - 17 potions of curing
 T - 2 potions of magic {unknown}
Miscellaneous
 b - a box of beasts (inert)
 F - a lightning rod (4/4)
 W - a phantom mirror
 Y - a phial of floods


   Skills:
 + Level 17.6 Fighting
 - Level 4.1(10.5) Maces & Flails
 * Level 9.0(12.5) Polearms
 - Level 14.9(16.2) Staves
 - Level 2.3 Ranged Weapons
 + Level 11.9 Throwing
 + Level 14.1 Armour
 - Level 7.0 Dodging
 - Level 8.3 Stealth
 * Level 9.3 Shields
 + Level 11.8 Evocations


You had 18 spell levels left.
You didn't know any spells.
Your spell library contained the following spells:

 Spells                   Type           Power      Damage    Failure   Level
 Beastly Appendage        Tmut           0%         N/A       96%         1
 Slow                     Hex            0%         N/A       96%         1
 Sting                    Tmut/Pois      0%         1d3       96%         1
 Blink                    Tloc           0%         N/A       99%         2
 Ensorcelled Hibernation  Hex/Ice        0%         N/A       99%         2
 Poisonous Vapours        Pois/Air       0%         N/A       99%         2
 Wereblood                Tmut           0%         N/A       99%         2
 Call Canine Familiar     Summ           0%         N/A       100%        3
 Confusing Touch          Hex            0%         N/A       100%        3
 Conjure Flame            Conj/Fire      0%         6-21      100%        3
 Dazzling Flash           Conj/Hex       0%         N/A       100%        3
 Ignite Poison            Fire/Tmut/Pois 0%         N/A       100%        3
 Lesser Beckoning         Tloc           0%         N/A       100%        3
 Ozocubu's Armour         Ice            0%         N/A       100%        3
 Portal Projectile        Hex/Tloc       0%         N/A       100%        3
 Spider Form              Tmut/Pois      0%         N/A       100%        3
 Stone Arrow              Conj/Erth      0%         3d7       100%        3
 Vampiric Draining        Necr           0%         2d6       100%        3
 Anguish                  Hex/Necr       0%         N/A       100%        4
 Animate Armour           Summ/Erth      0%         N/A       100%        4
 Cause Fear               Hex            0%         N/A       100%        4
 Leda's Liquefaction      Hex/Erth       0%         N/A       100%        4
 Olgreb's Toxic Radiance  Pois           0%         N/A       100%        4
 Sticky Flame             Conj/Fire      0%         2d3       100%        4
 Agony                    Necr           0%         N/A       100%        5
 Blade Hands              Tmut           0%         N/A       100%        5
 Irradiate                Conj/Tmut      0%         3d13      100%        5
 Lee's Rapid Deconstruct  Erth           0%         3d5*      100%        5
 Lightning Bolt           Conj/Air       0%         1d11      100%        5
 Manifold Assault         Tloc           0%         N/A       100%        5
 Metabolic Englaciation   Hex/Ice        0%         N/A       100%        5
 Silence                  Hex/Air        0%         N/A       100%        5
 Simulacrum               Ice/Necr       0%         N/A       100%        6
 Dragon Form              Tmut           0%         N/A       100%        7
 Borgnjor's Revivificati  Necr           0%         N/A       100%        8
 Lehudib's Crystal Spear  Conj/Erth      0%         10d2      100%        8
 Necromutation            Tmut/Necr      0%         N/A       100%        8
 Death's Door             Necr           0%         N/A       100%        9
 Dragon's Call            Summ           0%         N/A       100%        9
 Statue Form              Tmut/Erth      Unusable   N/A       N/A         6

Dungeon Overview and Level Annotations

Branches:
Dungeon (15/15)            Temple (0/1) D:5            Lair (6/6) D:8
 Shoals (4/4) Lair:3        Snake (4/4) Lair:4        Slime (0/5) Lair:6
    Orc (2/2) D:12            Elf (0/3) Orc:2        Vaults (0/5) D:13
 Depths (0/4) D:15        Ossuary (visited)           IceCv (visited)

Altars:
Ashenzari
Dithmenos
Fedhas
Gozag
Nemelex Xobeh
Xom
Yredelemnul
The Shining One
Jiyva

Shops:
D:7 *:[   D:13 :   Orc:1 *   Orc:2 ![(?   Shoals:2 **(   Shoals:3 *   Snake:2 :
Snake:3 *

Annotations:
D:7 1 runed translucent door


Innate Abilities, Weirdness & Mutations

You are immune to sickness and miasma.
Your stone body is resilient. (AC +14)
You are immune to poison.
Your large and strong wings let you fly.
You resist negative energy. (rN+)
You are resistant to electric shocks. (rElec)
You are resistant to unholy torment.
You are immune to petrification.


Message History

The salamander tyrant looks frightened!
The naga looks frightened!
You block the black mamba's attack.
A salamander comes into view. It is wielding a +3 vorpal halberd.
The black mamba closely misses you.
A naga warrior comes into view. It is wielding a +0 trident.
A naga mage comes into view. It is wielding a +0 spear.
Items here: " )) ††.
The naga warrior shouts!
The salamander tyrant seems to regain its courage.
The black mamba completely misses you. x2
The naga warrior spits poison at you. The splash of poison misses you.
The naga mage gestures at the naga warrior while chanting.
The naga warrior seems to grow toxic.
You block the black mamba's attack.
You see here a +0 spear.
The black mamba attacks as you move away!
The black mamba bites you but does no damage.
The salamander tyrant gazes fiercely through you!
You feel your attacks grow feeble. The black mamba completely misses you.
The salamander tyrant gazes fiercely through you!
You feel as though you will be weak longer.
Things that are here:
a +0 flail; a naga skeleton The salamander mystic seems to regain its courage.
The black mamba barely misses you. You block the black mamba's attack.
The salamander tyrant gazes fiercely through you!
You feel as though you will be weak longer.
The naga warrior spits poison at you. The splash of poison misses you.
You block the black mamba's attack.
There is an escape hatch in the ceiling here.
The naga no longer looks unusually strong.
The black mamba bites you but does no damage.
The salamander tyrant gazes fiercely through you!
You feel as though you will be weak longer.
The black mamba bites you but does no damage.
The salamander closely misses you.
The salamander mystic points at you and mumbles some strange words.
The bolt of magma hits you!!
You die...

### ##.........# ##.#[......
#.### ####).....##...........
#...#### #...............N...
##.....#######...................
.........[........N#........N....
.#####.##.)..#.....÷.......
.##....).)........##.......
..#....).####.....##.......
#........# ##.)@..##......
##......)#####)SN...#......
##..........)).N†..........
.##......#####.....N.......
.##......# ##............
.##......### #..N.N....
.##........######.....##
.####..###...## #'''##
........####..# ....#


You could see a naga warrior (curare), a salamander tyrant, a salamander mystic,
a salamander, a black mamba, a naga mage and a naga (fleeing).

Vanquished Creatures
  Bai Suzhen (Snake:4)
  Nikola (Snake:3)
  Rupert (D:14)
  Gastronok (Lair:2)
  Polyphemus (Shoals:2)
  A kraken (Shoals:1)
  Ilsuiw (Shoals:2)
  Kirke (Shoals:2)
  Donald (Shoals:2)
  A nagaraja (Snake:4)
  An orc warlord (Orc:2)
  A frost giant (IceCv)
  Aizul (Shoals:1)
  Azrael (Orc:2)
  An ettin (shapeshifter) (D:15)
  4 merfolk javelineers
  9 merfolk impalers
  Josephine (Shoals:1)
  A rakshasa (D:15)
  7 hydras
  An ogre mage (D:15)
  17 naga warriors
  3 catoblepae
  An ice dragon (Lair:6)
  An alligator snapping turtle (Shoals:4)
  A boulder beetle (Lair:6)
  5 two-headed ogres
  11 anacondas
  2 merfolk avatars (Shoals:1)
  7 centaur warriors
  2 dancing weapons (D:13)
  6 merfolk aquamancers
  A satyr (Shoals:2)
  10 death yaks
  8 shock serpents
  15 naga sharpshooters
  Nergalle (D:12)
  The ghost of wingedge the Slicer, a novice KoCK of Xom (D:9)
  A salamander mystic (Snake:1)
  A glowing orange brain (shapeshifter) (D:14)
  4 sea snakes
  6 naga ritualists
  A glowing orange brain (D:15)
  An orc knight (Orc:2)
  A lindwurm (Lair:6)
  19 harpies
  13 mana vipers
  4 orc sorcerers
  4 ugly things (D:15)
  2 deep elf pyromancers
  12 fauns
  8 manticores
  A wolf spider (Lair:6)
  13 cyclopes
  5 guardian serpents
  11 elephants
  Joseph (D:8)
  A black mamba (shapeshifter) (D:12)
  12 merfolk sirens
  A salamander (shapeshifter) (D:14)
  12 salamanders
  An elephant (shapeshifter) (D:14)
  8 water nymphs
  An ice statue (IceCv)
  43 black mambas
  6 torpor snails
  13 naga magi
  19 cane toads
  3 rime drakes
  2 efreet
  11 komodo dragons
  An unseen horror (D:12)
  2 kobold demonologists (D:11)
  4 trolls
  14 polar bears
  39 merfolk
  4 tyrant leeches (Lair:6)
  16 hornets
  Grinder (D:6)
  9 wind drakes
  11 blink frogs
  8 dream sheep
  8 snapping turtles
  16 slime creatures
  8 wyverns
  A vampire (D:14)
  13 water elementals
  3 spriggans (D:9)
  4 wraiths
  2 fire elementals (Orc:2)
  A human (D:9)
  A yak (shapeshifter) (D:12)
  4 redbacks
  66 yaks
  6 hogs
  7 basilisks
  2 vampire mosquitoes (D:5)
  4 wargs
  36 nagas
  2 hell hounds (Orc:2)
  28 orc warriors
  23 water moccasins
  A swamp drake (D:12)
  A sky beast (D:7)
  2 ice beasts (D:6)
  A black bear (D:9)
  6 centaurs
  5 ogres
  28 wolves
  2 phantoms
  6 kobold brigands
  Blork the orc (D:6)
  12 bullfrogs
  12 scorpions
  A gnoll sergeant (D:7)
  11 wights
  13 killer bees
  4 howler monkeys
  4 electric eels (Lair:4)
  4 crimson imps (D:6)
  2 centaur zombies (Ossuary)
  26 orc priests
  3 jellies
  26 orc wizards
  4 iguanas
  2 mummies (Ossuary)
  7 gnolls
  12 adders
  2 shadow imps
  2 white imps (D:6)
  3 ufetubi (D:5)
  A worm (D:4)
  A dart slug (D:2)
  113 orcs
  6 ball pythons
  9 endoplasms
  2 giant cockroaches
  2 gnoll zombies (Ossuary)
  3 goblins
  8 hobgoblins
  8 jackals (D:4)
  20 kobolds
  6 quokkas
  4 bats
  2 frilled lizards
  3 goblin zombies (Ossuary)
  6 hobgoblin zombies (Ossuary)
  An orc zombie (Ossuary)
  5 rats
  A bush (Abyss:2)
  A plant (Lair:6)
  3 tentacles (Shoals:1)
1123 creatures vanquished.

Vanquished Creatures (collateral kills)
  A nagaraja (Snake:3)
  5 merfolk impalers
  5 death yaks
  A merfolk aquamancer (Shoals:4)
  A naga warrior (Snake:1)
  A satyr (Shoals:4)
  A naga sharpshooter (Snake:3)
  2 sea snakes (Shoals:4)
  An orc sorcerer (Orc:2)
  A mana viper (Snake:3)
  A merfolk siren (Shoals:1)
  An elephant (Lair:3)
  2 black mambas
  A guardian serpent (Snake:3)
  A cane toad (Lair:6)
  A water nymph (Shoals:2)
  A blink frog (Lair:6)
  A wraith (Shoals:1)
  3 wyverns (Lair:6)
  A naga (Snake:4)
  A water moccasin (Lair:6)
  2 orc warriors (Orc:2)
  A wolf (D:9)
  3 orc priests (Orc:2)
  2 orc wizards (Orc:2)
  4 orcs (Orc:2)
45 creatures vanquished.

Vanquished Creatures (others)
  A human (Shoals:2)
  2 orcs
  36 fungi
  95 plants
  4 tentacles (Shoals:1)
138 creatures vanquished.

Grand Total: 1306 creatures vanquished

Notes
Turn   | Place    | Note
-------+----------+-------------------------------------------
     0 | D:1      | wingedge the Gargoyle Berserker began the quest for the
                  | Orb.
     0 | D:1      | Reached XP level 1. HP: 14/14 MP: 1/1
    74 | D:1      | Found a faded altar of an unknown god.
   156 | D:1      | Reached XP level 2. HP: 19/19 MP: 2/2
  1078 | D:2      | Reached XP level 3. HP: 23/23 MP: 3/3
  1334 | D:2      | Reached XP level 4. HP: 28/28 MP: 4/4
  1369 | D:2      | Reached skill level 1 in Evocations
  1568 | D:2      | Reached skill level 1 in Throwing
  1651 | D:2      | Reached ** piety under Trog
  2474 | D:3      | Reached XP level 5. HP: 33/33 MP: 5/5
  2493 | D:3      | Identified the +4 quarterstaff of Death {elec, rCorr Int+4
                  | Dex+2}
  2783 | D:3      | Noticed a water moccasin
  2787 | D:3      | Killed a water moccasin
  2788 | D:3      | Reached skill level 4 in Fighting
  2788 | D:3      | Reached skill level 1 in Staves
  2788 | D:3      | Reached XP level 6. HP: 23/38 MP: 6/6
  3213 | D:4      | Identified the +1 robe "Wifijoy" {rN++}
  3547 | D:5      | Entered Level 5 of the Dungeon
  3627 | D:5      | Found a sand-covered staircase.
  3632 | Ossuary  | Entered an ossuary
  3656 | Ossuary  | Reached XP level 7. HP: 43/43 MP: 7/7
  3894 | D:5      | Found a staircase to the Ecumenical Temple.
  3971 | D:5      | You fall into a shaft and drop 1 floor!
  4064 | D:5      | Reached XP level 8. HP: 48/48 MP: 8/8
  4312 | D:5      | Reached skill level 5 in Fighting
  4534 | D:6      | Noticed Blork the orc
  4542 | D:6      | Killed Blork the orc
  4568 | D:6      | Found a shadowy altar of Dithmenos.
  4764 | D:6      | Reached skill level 5 in Staves
  4764 | D:6      | Reached skill level 5 in Armour
  4771 | D:6      | Reached XP level 9. HP: 54/54 MP: 9/9
  4834 | D:6      | Noticed Grinder
  4838 | D:6      | Paralysed by Grinder for 3 turns
  4866 | D:7      | Found Ycephoh's Armour Emporium.
  4888 | D:7      | Reached *** piety under Trog
  4932 | D:7      | Found Xetwuah's Book Shop.
  4940 | D:7      | Found a runed translucent door.
  4942 | D:7      | Bought the +3 crown of Dyrovepreva {rElec Int+2 SInv} for
                  | 455 gold pieces
  4942 | D:7      | Found the +3 crown of Dyrovepreva {rElec Int+2 SInv}
  4942 | D:7      | Bought a scarf of harm for 99 gold pieces
  5126 | D:6      | Killed Grinder
  5127 | D:6      | Reached skill level 6 in Fighting
  5292 | D:6      | Found a shimmering altar of Xom.
  5738 | D:7      | Identified the +4 ring mail "Ronn" {Dex+5}
  5796 | D:7      | Found a broken altar of Ashenzari.
  5805 | D:7      | Found Pyrriogheytu's Assorted Antiques.
  5808 | D:7      | Bought a blue potion for 22 gold pieces
  5808 | D:7      | Bought a fizzy puce potion for 22 gold pieces
  5808 | D:7      | Bought a cyan potion for 22 gold pieces
  5938 | D:7      | Reached XP level 10. HP: 61/61 MP: 10/10
  5947 | D:7      | Found a runed translucent gate.
  5954 | D:7      | Found a runed translucent gate.
  5954 | D:7      | Found a runed translucent gate.
  5958 | D:7      | Found a runed translucent door.
  6048 | D:7      | Reached **** piety under Trog
  6056 | D:7      | Found the +9 staff of Olgreb {rPois∞}
  6229 | D:7      | Reached skill level 5 in Evocations
  6342 | D:7      | Reached skill level 5 in Dodging
  6353 | D:7      | Found a sparkling altar of Nemelex Xobeh.
  6506 | D:8      | Noticed Joseph
  6511 | D:8      | Killed Joseph
  6512 | D:8      | Reached skill level 7 in Fighting
  6512 | D:8      | Reached skill level 5 in Throwing
  6524 | D:8      | Noticed a cyclops
  6526 | D:8      | Killed a cyclops
  6888 | D:8      | Found a glowing golden altar of the Shining One.
  7061 | D:8      | Found a staircase to the Lair.
  7507 | D:9      | Reached skill level 1 in Stealth
  7510 | D:9      | Reached XP level 11. HP: 67/67 MP: 11/11
  7672 | D:9      | Reached skill level 8 in Fighting
  7741 | D:9      | Reached skill level 1 in Ranged Weapons
  8558 | D:9      | Found a runed translucent door.
  8561 | D:9      | Identified the +2 spear "Vybbiu Mubeu" {freeze, rF+}
  8561 | D:9      | Noticed wingedge's ghost (novice KoCK)
  8603 | D:9      | Killed wingedge's ghost
  8777 | D:10     | Entered Level 10 of the Dungeon
  9032 | D:10     | Reached skill level 9 in Fighting
  9534 | D:10     | Noticed a six-headed hydra
  9538 | D:10     | Found an opulent altar of Gozag.
  9538 | D:10     | Found a basalt altar of Yredelemnul.
  9546 | D:10     | Found a faded altar of an unknown god.
  9547 | D:10     | Noticed a two-headed ogre
  9552 | D:10     | Killed a two-headed ogre
  9553 | D:10     | Found a faded altar of an unknown god.
  9554 | D:10     | Found a blossoming altar of Fedhas.
  9583 | D:10     | Killed a six-headed hydra
  9584 | D:10     | Reached XP level 12. HP: 55/76 MP: 12/12
  9812 | Lair:1   | Entered Level 1 of the Lair of Beasts
 10690 | Lair:1   | Reached skill level 10 in Staves
 11337 | Lair:2   | Noticed Gastronok
 11354 | Lair:2   | Killed Gastronok
 11355 | Lair:2   | Reached skill level 10 in Fighting
 11359 | Lair:2   | Reached skill level 5 in Stealth
 12633 | Lair:3   | Reached XP level 13. HP: 83/83 MP: 13/13
 12708 | Lair:3   | Found a staircase to the Shoals.
 13032 | Lair:4   | Reached skill level 11 in Fighting
 13677 | Lair:3   | You fall into a shaft and drop 1 floor!
 13744 | Lair:3   | Identified the +2 trident "Madiwn" {spect, rCorr Int+5}
 14592 | Lair:4   | Found a staircase to the Snake Pit.
 15291 | Lair:5   | Found a frozen archway.
 15309 | IceCv    | Entered an ice cave
 15529 | IceCv    | Identified the +0 leather armour of Opiashep {rF+ rCorr
                  | Int+3 Slay-3}
 15558 | IceCv    | Reached skill level 12 in Fighting
 15917 | IceCv    | Gained mutation: Your large and strong wings let you fly.
                  | [Gargoyle growth]
 15917 | IceCv    | Reached XP level 14. HP: 86/92 MP: 14/14
 16110 | IceCv    | Noticed a frost giant
 16114 | IceCv    | Reached skill level 10 in Armour
 16119 | IceCv    | Killed a frost giant
 16247 | IceCv    | Found the +2 Maxwell's thermic engine {flame, freeze}
 16277 | IceCv    | Got Halaodur's Codex of Incandescence and the Wind
 17222 | Lair:6   | Entered Level 6 of the Lair of Beasts
 17238 | Lair:6   | Reached skill level 13 in Fighting
 17747 | Lair:6   | Reached XP level 15. HP: 89/99 MP: 15/15
 18213 | Lair:6   | Found a runed translucent door.
 18674 | Lair:6   | Found a staircase to the Slime Pits.
 18678 | Lair:6   | Found a viscous altar of Jiyva.
 19298 | D:11     | Reached skill level 14 in Fighting
 19713 | D:12     | Found a broken altar of Ashenzari.
 20493 | D:12     | Found a staircase to the Orcish Mines.
 20497 | D:12     | Noticed Nergalle
 20504 | D:12     | Killed Nergalle
 20726 | Orc:1    | Entered Level 1 of the Orcish Mines
 20754 | Orc:1    | Reached ***** piety under Trog
 21245 | Orc:1    | Found Ufaeroc's General Store.
 21256 | Orc:1    | Bought a scroll of identify for 30 gold pieces
 21553 | Orc:2    | Entered Level 2 of the Orcish Mines
 21553 | Orc:2    | Found a staircase to the Elven Halls.
 21735 | Orc:2    | Found Ysiu's Distillery.
 21774 | Orc:2    | Bought a potion of invisibility for 112 gold pieces
 21774 | Orc:2    | Bought a potion of might for 56 gold pieces
 21774 | Orc:2    | Bought a potion of curing for 42 gold pieces
 21774 | Orc:2    | Bought a potion of mutation for 112 gold pieces
 21774 | Orc:2    | Bought 2 potions of curing for 84 gold pieces
 21774 | Orc:2    | Bought a potion of mutation for 112 gold pieces
 21895 | Orc:2    | Noticed Azrael
 22307 | D:7      | Bought a +2 plate armour of fire resistance for 440 gold
                  | pieces
 22333 | D:7      | Bought a phantom mirror for 1000 gold pieces
 22333 | D:7      | Bought a viscous inky potion for 22 gold pieces
 22333 | D:7      | Bought a scroll of poison for 87 gold pieces
 22481 | Orc:2    | Killed Azrael
 22590 | Orc:2    | Noticed an orc warlord
 23078 | Orc:2    | Found Okhlypp's Antique Armour Shoppe.
 23081 | Orc:2    | Found Ymooddae's Antique Weapon Emporium.
 23208 | Orc:2    | Received a gift from Trog
 23213 | Orc:2    | Found Kourun's Magic Scroll Shoppe.
 23218 | Orc:2    | Bought a scroll of identify for 32 gold pieces
 23218 | Orc:2    | Bought a scroll of amnesia for 56 gold pieces
 23255 | Orc:2    | Killed an orc warlord
 23458 | D:13     | Reached skill level 1 in Polearms
 23603 | D:13     | Found a gate to the Vaults.
 23725 | D:13     | Reached XP level 16. HP: 88/107 MP: 16/16
 24279 | D:13     | Found Wecumer's Book Shoppe.
 24929 | D:14     | Identified the +14 plate armour of the Stained Locust
                  | {Int+4}
 25005 | D:14     | Reached skill level 15 in Fighting
 25131 | D:14     | Noticed Rupert
 25147 | D:14     | Killed Rupert
 25392 | D:15     | Entered Level 15 of the Dungeon
 26251 | D:15     | Found a staircase to the Depths.
 26465 | Shoals:1 | Entered Level 1 of the Shoals
 26468 | Shoals:1 | Noticed Josephine
 26475 | Shoals:1 | Killed Josephine
 26645 | Shoals:1 | Reached skill level 10 in Throwing
 26923 | Shoals:1 | Noticed Aizul
 26935 | Shoals:1 | Killed Aizul
 26942 | Shoals:1 | Found a gateway to a bazaar.
 26954 | Bazaar   | Entered a bazaar
 26968 | Bazaar   | Found Veost's Jewellery Shoppe.
 26968 | Bazaar   | Found Pooriojo's Armour Emporium.
 27006 | Bazaar   | Found Ritear's Assorted Antiques.
 27066 | Bazaar   | Bought an amulet of the acrobat for 300 gold pieces
 27298 | Shoals:1 | Reached skill level 10 in Evocations
 27767 | Shoals:1 | Noticed a kraken
 27778 | Shoals:1 | Killed a kraken
 27952 | Shoals:2 | Noticed Ilsuiw
 27954 | Shoals:2 | Noticed Kirke
 27956 | Shoals:2 | Noticed a sphinx
 28024 | Shoals:2 | Reached skill level 16 in Fighting
 28154 | Shoals:2 | Killed Kirke
 28155 | Shoals:2 | Reached XP level 17. HP: 115/115 MP: 17/17
 28247 | Shoals:2 | Killed Ilsuiw
 28896 | Shoals:2 | Noticed Donald
 28901 | Shoals:2 | Killed Donald
 29289 | Shoals:2 | Noticed Polyphemus
 29306 | Shoals:2 | Killed Polyphemus
 29307 | Shoals:2 | Reached skill level 1 in Shields
 29377 | Shoals:2 | Found Reittep's Visitors' Centre.
 29377 | Shoals:2 | Found Reittep's Merfolk Weapons.
 29386 | Shoals:2 | Found Reittep's Merfolk Armours.
 29386 | Shoals:2 | Found Reittep's Merfolk Magic.
 30231 | Shoals:3 | Found Jusim's Assorted Antiques.
 30243 | Shoals:3 | Bought a scroll of enchant armour for 240 gold pieces
 30662 | Shoals:4 | Entered Level 4 of the Shoals
 30730 | Shoals:4 | Reached skill level 5 in Polearms
 31001 | Abyss:2  | Cast into level 2 of the Abyss (merfolk impaler)
 31036 | Shoals:4 | Escaped the Abyss
 32367 | Shoals:4 | Reached skill level 5 in Shields
 32380 | Shoals:4 | Reached XP level 18. HP: 122/122 MP: 18/18
 32410 | Shoals:4 | Got a barnacled rune of Zot
 32782 | Snake:1  | Entered Level 1 of the Snake Pit
 32859 | Snake:1  | Reached skill level 17 in Fighting
 35642 | Snake:2  | Found Firos's Tremendous Tomes.
 35839 | Snake:3  | Found Velliph's Assorted Antiques.
 35855 | Snake:3  | Bought a potion of heal wounds for 130 gold pieces
 36905 | Snake:3  | Received a gift from Trog
 37378 | Snake:3  | Noticed Nikola
 37395 | Snake:3  | Killed Nikola
 37396 | Snake:3  | Reached XP level 19. HP: 51/128 MP: 19/19
 37853 | Snake:4  | Entered Level 4 of the Snake Pit
 37888 | Snake:4  | Noticed Bai Suzhen
 38650 | Snake:4  | Killed Bai Suzhen
 38865 | Snake:4  | Killed from afar by a salamander mystic

Illustrated notes

Levels and vault maps discovered:
D:1:      lightli_arrival_chessboard, layout_loops_ring,
          hellmonk_ecumenical_altar_run_dry
D:2:      layout_basic, corexii_corridor_pit
D:3:      kennysheep_six_static_rooms, layout_basic, nicolae_elevator_lobby_plus
D:4:      layout_rooms, serial_bayou_ford_a
D:5:      layout_basic, temple_pool_b, enter_ossuary_3,
          kennysheep_decorative_pillar, st_stairs_5
D:6:      layout_cave_pods, nicolae_dithmenos_the_darkroom, led_xom_imps,
          uniq_grinder, uniq_blork_the_orc
D:7:      layout_gridville, lemuel_crystal_altar, mainiacjoe_overflow_brackets,
          serial_shops, kennysheep_mini_moat, shop, shop_fountains,
          minmay_guarded_unrand_staff_of_olgreb
D:8:      layout_loops_corners, mainiacjoe_overflow_small_starburst,
          lair_entry_dummy, chequers_garden, nrook_mini_vaults, uniq_joseph
D:9:      kennysheep_spiral_hall, layout_loops_ring,
          ebering_ghost_funeral_grove, grunt_livestock
D:10:     layout_loops_ring, chequers_temple_overflow_minitemple
D:11:     layout_long_grid
D:12:     layout_long_grid, erik_orc_1, nicolae_ashenzari_skybound,
          uniq_nergalle
D:13:     layout_stronghold, erik_vaults_1, serial_shops, kennysheep_little_box
D:14:     layout_roguey, serial_bayou_pond_e, nrook_campfire,
          kennysheep_just_a_vault, uniq_rupert
D:15:     gammafunk_enter_depths_forms, layout_cave_pools,
          corexii_hall_statues_l, minmay_misc_feat_secret_circle
Lair:1:   layout_layer_cave, serial_bayou_pond_d
Lair:2:   layout_misc_corridors, dreamdust_wasp_nest, grunt_megastairs_5,
          uniq_gastronok
Lair:3:   layout_roguey, minmay_shoals_entry_beasts
Lair:4:   layout_roguey, guppyfry_snake_entry_island, disabler_island,
          serial_bayou_shore_a, serial_bayou_shore_b
Lair:5:   layout_misc_corridors, portal_ice_cave_entry_pillars_2,
          lookout_lair_type
Lair:6:   hangedman_lair_tendril_chambers, layout_loops_ring, wormcave,
          dpeg_slime_entry_corner, infiniplex_staircase_pool_2
Shoals:1: layout_shoals, serial_shops, bzr_firewalk,
          nicolae_shoals_flooded_hall, uniq_josephine, uniq_aizul
Shoals:2: nicolae_shoals_mermall, layout_shoals, uniq_donald, uniq_polyphemus,
          uniq_kirke, uniq_ilsuiw
Shoals:3: layout_shoals, serial_shops, nicolae_shop_statue_plus
Shoals:4: shoals_end_simple, layout_shoals
Snake:1:  layout_chambers
Snake:2:  layout_onion, st_stairs_7, nicolae_shop_i_like_big_books
Snake:3:  nicolae_snake_unarmed_stairs_patrol, layout_misc_corridors,
          serial_shops, nicolae_shop_overgrown_old_shop, lemuel_fruit_tree,
          uniq_nikola
Snake:4:  grunt_snake_rune_pools, layout_rooms, st_stairs_10,
          nicolae_snake_shapes, uniq_roxanne, uniq_bai_suzhen
Orc:1:    layout_caves, serial_shops, nicolae_square_shop
Orc:2:    grunt_orc_community_town_hall, layout_caves,
          grunt_orc_community_big_house_1, grunt_orc_community_big_house_2,
          grunt_orc_community_house_2, grunt_orc_community_house_3,
          grunt_orc_community_house_3, grunt_orc_community_house_2,
          grunt_orc_community_house_3, special_room, david_defended_altar_orc,
          uniq_azrael

Skill      XL: |  1  2  3  4  5  6  7  8  9 10 11 12 13 14 15 16 17 18 19 |
---------------+----------------------------------------------------------+-----
Evocations     | 1 2 3 4 5 6 7 8 9 10 11 | 11.8
Dodging        | 2 3 4 5 6 7 |  7.0
Throwing       | 1 2 3 4 5 6 7 8 9 10 11 | 11.9
Maces & Flails | 4 |  4.1
Armour         | 3 4 5 6 7 8 9 10 11 12 13 14 | 14.1
Fighting       | 4 5 6 7 9 10 12 13 14 16 17 | 17.6
Staves         | 1 2 3 5 6 8 9 10 12 13 14 | 14.9
Stealth        | 1 4 5 7 8 |  8.3
Ranged Weapons | 2 |  2.3
Polearms       | 1 4 6 8 9 |  9.0
Shields        | 5 8 9 |  9.3

Action                   |  1- 3 |  4- 6 |  7- 9 | 10-12 | 13-15 | 16-18 | 19-21 || total
-------------------------+-------+-------+-------+-------+-------+-------+-------++-------
Melee: Mace              |    95 |   103 |       |       |       |       |       ||   198
       Punch             |     1 |       |       |       |       |       |       ||     1
       Quarterstaff      |       |    80 |   171 |   503 |   880 |   317 |       ||  1951
       Falchion          |       |       |    10 |       |       |       |       ||    10
       Demon trident     |       |       |       |       |       |   729 |   194 ||   923
 Fire: Shortbow          |       |       |       |     4 |       |       |       ||     4
Throw: Boomerang         |       |     8 |    60 |    40 |   120 |   149 |       ||   377
       Javelin           |       |       |       |     4 |     6 |     4 |       ||    14
       Dart              |       |       |       |       |     2 |     2 |       ||     4
       Throwing net      |       |       |       |       |       |     1 |       ||     1
Invok: Berserk           |     3 |     4 |     6 |     8 |    18 |    20 |     3 ||    62
       Trog's Hand       |       |     3 |     5 |     6 |    15 |    18 |     4 ||    51
       Brothers in Arms  |       |       |       |     1 |     8 |     9 |     3 ||    21
Evoke: Wand              |       |       |       |     6 |     6 |     4 |       ||    16
       Lightning rod     |       |       |       |       |     5 |    10 |       ||    15
       Phial of floods   |       |       |       |       |     1 |     1 |       ||     2
       Phantom mirror    |       |       |       |       |     1 |     2 |       ||     3
       Box of beasts     |       |       |       |       |       |     2 |     1 ||     3
  Use: Scroll            |       |     2 |     4 |     7 |    22 |    14 |     1 ||    50
       Potion            |       |       |       |     1 |     1 |    11 |       ||    13
 Stab: Sleeping          |     1 |       |       |     3 |     5 |       |       ||     9
       Distracted        |       |       |       |     1 |     8 |     5 |       ||    14
       Invisible         |       |       |       |       |       |     3 |       ||     3
       Held in net/web   |       |       |       |       |       |     1 |       ||     1
Armor: Animal skin       |    28 |     1 |       |       |       |       |       ||    29
       Chain mail        |       |   122 |   118 |       |       |       |       ||   240
       Robe              |       |       |     2 |       |       |       |       ||     2
       Ring mail         |       |       |       |   185 |   336 |       |       ||   521
       Plate armour      |       |       |       |       |    53 |   758 |   137 ||   948
       Ice dragon scales |       |       |       |       |     5 |       |       ||     5
       Storm dragon scal |       |       |       |       |       |       |     1 ||     1
Dodge: Dodged            |    84 |   139 |   207 |   389 |   625 |   437 |    97 ||  1978
Block: Kite shield       |       |       |       |       |       |   438 |   136 ||   574
       Reflection        |       |       |       |       |       |    59 |     5 ||    64

Table legend: (Time is in decaauts)
 A = Elapsed time spent in this place.
 B = Non-inter-level travel time spent in this place.
 C = Inter-level travel time spent in this place.
 D = Time resting spent in this place.
 E = Time spent auto-exploring this place.
 F = Levels seen in this place.
 G = Mean time per level.
                   A        B        C        D        E       F      G
               +--------+--------+--------+--------+--------+-----+--------+
         Total |  38779 |  36433 |   2346 |   7658 |  21029 |  35 | 1108.0 |
       Dungeon |  14732 |  13542 |   1190 |   1867 |   8906 |  15 |  982.1 |
          Lair |   8203 |   7706 |    497 |   1413 |   4913 |   6 | 1367.2 |
        Shoals |   6202 |   5801 |    401 |   1367 |   3227 |   4 | 1550.5 |
     Snake Pit |   5769 |   5575 |    194 |   1805 |   2577 |   4 | 1442.2 |
  Orcish Mines |   2376 |   2314 |     62 |    807 |    967 |   2 | 1188.0 |
         Abyss |     34 |     34 |      0 |      0 |      0 |   1 |   34.0 |
        Bazaar |    162 |    162 |      0 |      0 |      0 |   1 |  162.0 |
       Ossuary |    124 |    124 |      0 |      0 |     58 |   1 |  124.0 |
      Ice Cave |   1173 |   1173 |      0 |    397 |    379 |   1 | 1173.0 |
               +--------+--------+--------+--------+--------+-----+--------+

Top non-repeatable levels by time:
Shoals:4: 1978 daAuts
 Snake:3: 1943 daAuts
Shoals:2: 1790 daAuts
 Snake:1: 1783 daAuts
  Lair:1: 1775 daAuts
  Lair:6: 1710 daAuts
 Snake:2: 1581 daAuts
     D:9: 1483 daAuts
  Lair:3: 1448 daAuts
Shoals:1: 1405 daAuts
  Lair:2: 1303 daAuts
  Lair:4: 1229 daAuts
   Orc:2: 1217 daAuts
    D:12: 1178 daAuts
   IceCv: 1173 daAuts
